cohdb
Replays
Latest Replays
All Replays
Popular Replays
Top Player Replays
Match Explorer
How It Works
Community
CoH3 Stats
Reddit
Sign in to upload your games and track your stats! →
Sign in with Steam
Match 45516777
Unlisted
Match 45516777
Overview
Messages
Build Orders
End
Construct Infanterie Kompanie
Grenadier Squad
Grenadier Squad
Grenadier Squad
Infanterie Officer Quarters
GrW 34 Mortar Team
Selects Breakthrough Battlegroup
Selects Assault Grenadiers
Selects Smoke Bombing Run
Smoke Bombing Run
Construct Panzergrenadier Kompanie
Support Elements
Nebelwerfer 42 Rocket Launcher Team
StuG III G Assault Gun
Selects Incendiary Bombing Run
Medical Bunker
Pioneer Squad
StuG III G Assault Gun
Nebelwerfer 42 Rocket Launcher Team
Selects 2.5-tonne Cargo Truck
Incendiary Bombing Run
Smoke Bombing Run
Side Skirts
Panzergrenadier Officer Quarters
2.5-tonne Cargo Truck
Nebelwerfer 42 Rocket Launcher Team
Incendiary Bombing Run
Selects Blitzkrieg
Construct Panzer Kompanie
Incendiary Bombing Run
Stoßtruppen Squad
Repair Bunker
Panzer IV Medium Tank
Pioneer Squad
Panzer IV Medium Tank
Incendiary Bombing Run
Pioneer Squad
Pioneer Squad
Panzer Officer Quarters
Smoke Bombing Run
机魂
灌江口揸fit人
smurfdurf
JIN_47
LiamM
Bitwarden Warrior
Dark Lord Cthulhu
sous hulk
0
0
Comments
sign in to comment!
No comments posted yet!